 Dungeon Crawl Stone Soup version 0.17.1-3-g152610e (webtiles) character file.

203 KrozogBurug the Conjurer (level 5, -2/45 HPs)
             Began as an Ogre Wizard on Feb 28, 2016.
             Killed from afar by an orc wizard (9 damage)
             ... with a puff of flame
             ... on level 2 of the Dungeon.
             The game lasted 00:11:13 (3781 turns).

KrozogBurug the Conjurer (Ogre Wizard)              Turns: 3781, Time: 00:11:14

Health: -2/45      AC:  5    Str: 12    XL:     5   Next: 81%
Magic:  9/10       EV:  9    Int: 18    God:
Gold:   228        SH:  0    Dex:  8    Spells: 4 memorised, 2 levels left

rFire  . . .     SeeInvis .     f - +1 whip (venom)
rCold  . . .     Clarity  .     a - +0 robe
rNeg   . . .     SustAt   .     (no shield)
rPois  .         Gourm    .     b - +0 hat
rElec  .         Spirit   .     h - +1 cloak
rCorr  .         Warding  .     (gloves unavailable)
rMut   .         Rnd*Tele +     (boots unavailable)
MR     .....                    (no amulet)
Stlth  +.........               (no ring)
                                n - ring of teleportation (curse)

@: not resistant to hostile enchantments, very unstealthy
A: unfitting armour, tough skin 1
a: Evoke Teleportation


You were on level 2 of the Dungeon.
You were not hungry.

You visited 1 branch of the dungeon, and saw 3 of its levels.

You collected 228 gold pieces.

Inventory:

Hand Weapons
 f - a +1 whip of venom (weapon)
Armour
 a - a +0 robe (worn)
 b - a +0 hat (worn)
 h - a +1 cloak (worn)
Jewellery
 n - a cursed ring of teleportation (left hand)
Scrolls
 e - 5 scrolls of identify
 j - 2 scrolls of blinking
 m - 2 scrolls of enchant weapon
 r - a scroll of fog {unknown}
 s - 2 scrolls of immolation {unknown}
 t - a scroll of teleportation {unknown}
Potions
 g - 2 potions of flight
 i - a potion of degeneration {unknown}
 l - a potion of mutation {unknown}
 o - 2 potions of heal wounds {unknown}
 p - a potion of haste {unknown}
Books
 c - a book of Minor Magic

   Spells                             Type                      Level
   a - Magic Dart                     Conjuration                  1
   b - Blink                          Translocation                2
   c - Call Imp                       Summoning                    2
   d - Repel Missiles                 Charms/Air                   2
   e - Slow                           Hexes                        2
   f - Conjure Flame                  Conjuration/Fire             3
   g - Mephitic Cloud                 Conjuration/Poison/Air       3
Comestibles
 d - a bread ration
 k - a meat ration


   Skills:
 - Level 1.7 Dodging
 - Level 1.5 Stealth
 - Level 3.6 Spellcasting
 + Level 4.1 Conjurations
   Level 0.6 Summonings
 - Level 0.6 Translocations


You had 2 spell levels left.
You knew the following spells:

 Your Spells              Type           Power        Failure   Level  Hunger
a - Magic Dart            Conj           ###.         2%          1    None
b - Blink                 Tloc           N/A          17%         2    ##.....
c - Mephitic Cloud        Conj/Pois/Air  #.......     30%         3    ###....
d - Conjure Flame         Conj/Fire      ##......     24%         3    ###....


Dungeon Overview and Level Annotations

Branches:
Dungeon (3/15)

Altars:
Elyvilon
Kikubaaqudgha
Makhleb
Yredelemnul
Zin
The Shining One


Innate Abilities, Weirdness & Mutations

You are too large for most types of armour.
You have tough skin (AC +1).


Message History

The orc wizard is moderately wounded.
The orc wizard barely misses you.
Casting: Magic Dart
Confirm with . or Enter, or press ? or * to list all spells.
Aiming: Magic Dart
Press: ? - help, Shift-Dir - straight line, f - orc wizard
Aim: an orc wizard, wielding a dagger and wearing a robe (heavily wounded, fast, poisoned)
The magic dart hits the orc wizard.
The orc wizard is severely wounded.
The orc wizard points at you and mumbles some strange words.
The puff of frost hits you!
* * * LOW HITPOINT WARNING * * *
The orc wizard gestures wildly while chanting.
The orc wizard flickers and vanishes!
Deactivating autopickup; reactivate with Ctrl-A.
You barely miss something.
You hear some strange, mumbled words.
A puff of flame appears from out of thin air!
The puff of flame hits you!
You die...

#.#########.#.#.# #
#.#......##.#.#÷# #
#.#.........#.#.#######
#.#....................
#.#.........#.#.#######
#.#.......#.#.#........
#<#.......#.#.#########
#.#.#######.#.#.......#
#.#..{@.....#.#.#####.#
#.##..#######.#.#.###.#
#..##'#.# #.#.#...#.#
####≈.#.# #.....#.#.#
#≈≈≈.#.# ###.###.#.#
#≈...#.# #.....#.#
#.8#'#.# #######.#
#+##.#.# #.# #......#
#.#


There were no monsters in sight!

Vanquished Creatures
  3 iron imps (D:3)
  3 adders
  An ooze (D:1)
  A worm (D:2)
  2 giant geckos
  6 orcs (D:3)
  5 giant cockroaches
  5 hobgoblins
  8 jackals
  4 bats (D:1)
  4 giant newts
  10 goblins
  A jackal zombie (D:3)
  17 kobolds
  2 quokkas
  8 rats
80 creatures vanquished.

Notes
Turn   | Place    | Note
--------------------------------------------------------------
     0 | D:1      | KrozogBurug the Ogre Wizard began the quest for the Orb.
     0 | D:1      | Reached XP level 1. HP: 16/16 MP: 5/5
    42 | D:1      | Reached skill level 1 in Conjurations
   489 | D:1      | Reached XP level 2. HP: 22/24 MP: 6/6
   512 | D:1      | Learned a level 2 spell: Blink
  1113 | D:1      | Reached XP level 3. HP: 31/31 MP: 8/8
  1466 | D:1      | Learned a level 3 spell: Mephitic Cloud
  1470 | D:1      | Learned a level 3 spell: Conjure Flame
  1806 | D:2      | Found a white marble altar of Elyvilon.
  1943 | D:2      | Found an ancient bone altar of Kikubaaqudgha.
  2035 | D:2      | Found a glowing silver altar of Zin.
  2035 | D:2      | Found a basalt altar of Yredelemnul.
  2244 | D:2      | Reached XP level 4. HP: 37/39 MP: 9/9
  3001 | D:3      | Found a glowing golden altar of the Shining One.
  3254 | D:3      | Found a burning altar of Makhleb.
  3396 | D:3      | Reached XP level 5. HP: 26/45 MP: 8/10
  3505 | D:3      | Reached skill level 4 in Conjurations
  3611 | D:3      | Noticed an ice beast
  3781 | D:2      | Killed from afar by an orc wizard

Action                   |  1- 3 |  4- 6 || total
-------------------------+-------+-------++-------
Melee: Unarmed           |    14 |       ||    14
       Whip              |   136 |    99 ||   235
 Cast: Magic Dart        |    18 |    50 ||    68
  Use: Scroll            |     3 |       ||     3
 Stab: Sleeping          |     1 |     1 ||     2
  Eat: Chunk             |     4 |     1 ||     5
       Bread ration      |       |     1 ||     1
